 Dungeon Crawl Stone Soup version 0.19.1 (webtiles) character file.

1582 Keat the Destroyer (level 8, -2/50 HPs)
             Began as a High Elf Conjurer on Dec 19, 2016.
             Shot with a sling bullet by Joseph (15 damage)
             ... on level 7 of the Dungeon on Dec 21, 2016.
             The game lasted 01:06:44 (7543 turns).

Keat the Destroyer (High Elf Conjurer)              Turns: 7543, Time: 01:06:45

Health: -2/50      AC:  3    Str:  8    XL:     8   Next: 60%
Magic:  23/29      EV: 14    Int: 20    God:
Gold:   93         SH:  0    Dex: 16    Spells: 4 memorised, 13 levels left

rFire  + . .     SeeInvis .     (no weapon)
rCold  x . .     Gourm    .     a - +0 robe
rNeg   . . .     Faith    +     (no shield)
rPois  .         Spirit   .     (no helmet)
rElec  .         Reflect  .     (no cloak)
rCorr  .         Harm     .     (no gloves)
MR     .....                    F - +0 pair of boots
Stlth  +++.......               x - amulet of faith
                                i - ring of fire
                                c - ring of magical power

@: no status effects
A: no striking features
a: no special abilities


You were on level 7 of the Dungeon.
You were not hungry.

You visited 1 branch of the dungeon, and saw 7 of its levels.

You collected 265 gold pieces.
You spent 172 gold pieces at shops.

Inventory:

Hand Weapons
 h - the +6 long sword of Subjectivity {venom, *Contam Str+5, unknown}
   (You found it on level 5 of the Dungeon)

   It poisons the flesh of those it strikes.
   It affects your strength (+5).
   It causes magical contamination when unequipped.
 K - a +2 rapier of speed
Armour
 a - a +0 robe (worn)
 g - a +0 scale mail
 r - a +0 robe
 F - a +0 pair of boots (worn)
Jewellery
 c - a ring of magical power (left hand)
 i - a ring of fire (right hand)
 n - an uncursed ring of positive energy
 x - an amulet of faith (around neck)
 G - an uncursed amulet of faith
Wands
 p - a wand of random effects (32/48)
 v - a wand of confusion (13/48)
Scrolls
 d - a scroll of enchant weapon
 e - 2 scrolls of noise
 l - 2 scrolls of remove curse
 s - a scroll of amnesia {unknown}
 w - 3 scrolls of magic mapping {unknown}
 y - a scroll of acquirement {unknown}
 B - 2 scrolls of summoning {unknown}
 D - a scroll of identify
 I - a scroll of brand weapon {unknown}
 L - a scroll of enchant armour {unknown}
Potions
 f - 2 potions of lignification
 j - 2 potions of agility
 k - a potion of invisibility
 o - a potion of curing {unknown}
 t - a potion of mutation {unknown}
 z - a potion of berserk rage {unknown}
 A - 2 potions of might {unknown}
 H - a potion of heal wounds
 J - a potion of magic
 M - a potion of ambrosia {unknown}
Books
 b - a book of Conjurations

   Spells                             Type                      Level
   a - Magic Dart                     Conjuration                  1
   b - Searing Ray                    Conjuration                  2
   c - Dazzling Spray                 Conjuration/Hexes            3
   d - Fulminant Prism                Conjuration/Hexes            4
   e - Iskenderun's Mystic Blast      Conjuration                  4
   f - Iskenderun's Battlesphere      Conjuration/Charms           5
 C - a book of Minor Magic

   Spells                             Type                      Level
   a - Magic Dart                     Conjuration                  1
   b - Blink                          Translocation                2
   c - Call Imp                       Summoning                    2
   d - Repel Missiles                 Charms/Air                   2
   e - Slow                           Hexes                        2
   f - Conjure Flame                  Conjuration/Fire             3
   g - Mephitic Cloud                 Conjuration/Poison/Air       3
Comestibles
 m - 3 fruits
 u - 4 bread rations
 E - a slice of pizza


   Skills:
 + Level 2.0 Fighting
 + Level 4.1 Dodging
 + Level 4.5 Stealth
 + Level 0.1 Unarmed Combat
 + Level 7.6 Spellcasting
 + Level 8.6 Conjurations
 + Level 0.3 Summonings


You had 13 spell levels left.
You knew the following spells:

 Your Spells              Type           Power        Failure   Level  Hunger
a - Magic Dart            Conj           ####         1%          1    None
b - Searing Ray           Conj           #####.       1%          2    None
c - Iskenderun's Mystic   Conj           #####...     2%          4    ###....
d - Call Imp              Summ           #.......     14%         2    None


Dungeon Overview and Level Annotations

Branches:
Dungeon (7/15)             Temple (0/1) D:5

Altars:
Ashenzari
Dithmenos
Hepliaklqana
Nemelex Xobeh
Okawaru
Qazlal
Trog
Uskayaw
Vehumet
Yredelemnul

Shops:
D:6 !   D:7 !

Annotations:
D:7 Joseph


Message History

Aiming: Magic Dart
Press: ? - help, Shift-Dir - straight line, f/p - Joseph
Aim: Joseph, wielding a hunting sling and wearing a shiny ring mail The magic dart hits Joseph.
Joseph shoots a sling bullet.
The sling bullet hits you.
Casting: Magic Dart
Confirm with . or Enter, or press ? or * to list all spells.
Aiming: Magic Dart
Press: ? - help, Shift-Dir - straight line, f/p - Joseph
Aim: Joseph, wielding a hunting sling and wearing a shiny ring mail The magic dart hits Joseph.
Joseph shoots a sling bullet.
The sling bullet misses you.
Joseph shoots a sling bullet.
The sling bullet hits you!
* * * LOW HITPOINT WARNING * * *
You see here a sling bullet.
As you read the scroll of fog, it crumbles to dust.
The scroll dissolves into smoke.
You see here 2 sling bullets.
Joseph shoots a sling bullet.
The sling bullet hits you!
You die...

#.# #§# #§# #§# #§#
####### #§# ...<..#
#§#
#####.############@#
............@.(#
#.........######
#.##..#...#### #..#
#..............
#...##.##..#<..#####
.....#.##..##.####
.......##.........
.....#.###.##.###
...>...# #.##.#


You could see Joseph.

Vanquished Creatures
  A water moccasin (D:6)
  2 ice beasts (D:5)
  A sky beast (D:3)
  2 centaurs
  Blork the orc (D:6)
  3 bullfrogs
  A scorpion (D:7)
  2 crimson imps (D:6)
  A centaur zombie (D:5)
  2 hounds (D:6)
  A centaur skeleton (D:5)
  2 orc wizards
  Jessica (D:3)
  Terence (D:2)
  2 worker ants
  A hound skeleton (D:5)
  4 gnolls (D:3)
  11 adders
  A shadow imp (D:6)
  An ooze (D:5)
  3 worms
  3 dart slugs
  2 leopard geckos
  11 orcs
  4 giant cockroaches
  7 goblins
  4 hobgoblins
  9 jackals
  6 kobolds
  5 quokkas
  6 bats
  9 frilled lizards
  A leopard gecko skeleton (D:3)
  A quokka skeleton (D:3)
  5 rats
117 creatures vanquished.

Vanquished Creatures (collateral kills)
  A spriggan (D:7)
  A giant cockroach (D:6)
2 creatures vanquished.

Vanquished Creatures (others)
  A leopard gecko (D:3)
  A giant cockroach (D:3)
2 creatures vanquished.

Grand Total: 121 creatures vanquished

Notes
Turn   | Place    | Note
-------+----------+-------------------------------------------
     0 | D:1      | Keat the High Elf Conjurer began the quest for the Orb.
     0 | D:1      | Reached XP level 1. HP: 11/11 MP: 4/4
   237 | D:1      | Reached XP level 2. HP: 15/17 MP: 2/6
   258 | D:1      | Learned a level 2 spell: Searing Ray
   796 | D:2      | Reached skill level 5 in Conjurations
   796 | D:2      | Reached XP level 3. HP: 9/21 MP: 0/8
  1667 | D:2      | HP: 1/21 [jackal (2)]
  1680 | D:2      | HP: 1/21 [jackal (1)]
  1710 | D:2      | Noticed Terence
  2057 | D:2      | Killed Terence
  2057 | D:2      | Reached XP level 4. HP: 8/27 MP: 0/9
  2934 | D:2      | Reached XP level 5. HP: 22/31 MP: 9/11
  3030 | D:3      | Found a shadowy altar of Dithmenos.
  3423 | D:3      | Learned a level 4 spell: Iskenderun's Mystic Blast
  3529 | D:3      | Found a radiant altar of Vehumet.
  3641 | D:3      | Noticed Jessica
  3652 | D:3      | Killed Jessica
  3652 | D:3      | Reached skill level 6 in Conjurations
  3952 | D:4      | Noticed a sky beast
  4211 | D:3      | Killed a sky beast
  4211 | D:3      | Reached skill level 1 in Fighting
  4211 | D:3      | Reached XP level 6. HP: 29/38 MP: 13/13
  4370 | D:4      | Found a stormy altar of Qazlal.
  4378 | D:4      | Noticed a water elemental
  4379 | D:4      | Noticed an air elemental
  4379 | D:4      | Noticed a fire elemental
  4437 | D:4      | Found a bloodstained altar of Trog.
  4713 | D:5      | Entered Level 5 of the Dungeon
  4725 | D:5      | Found a staircase to the Ecumenical Temple.
  4855 | D:5      | Noticed an ice beast
  5150 | D:5      | Found a basalt altar of Yredelemnul.
  5174 | D:5      | Reached skill level 5 in Spellcasting
  5257 | D:5      | Killed an ice beast
  5257 | D:5      | Reached XP level 7. HP: 14/43 MP: 11/16
  5487 | D:5      | Got a faintly glowing long sword
  5610 | D:5      | Found a sparkling altar of Nemelex Xobeh.
  5768 | D:5      | Reached skill level 7 in Conjurations
  6303 | D:6      | Found Paagg's Distillery.
  6321 | D:6      | Bought a potion of heal wounds for 65 gold pieces
  6321 | D:6      | Bought a potion of agility for 52 gold pieces
  6636 | D:6      | Noticed Blork the orc
  6650 | D:6      | Killed Blork the orc
  6650 | D:6      | Reached XP level 8. HP: 31/48 MP: 18/18
  6655 | D:6      | Found Qewkiebb's Food Emporium.
  6669 | D:6      | Reached skill level 8 in Conjurations
  6919 | D:6      | Found an iron altar of Okawaru.
  6919 | D:6      | Found a shattered altar of Ashenzari.
  6952 | D:6      | Learned a level 2 spell: Call Imp
  7098 | D:6      | Found a hazy altar of Hepliaklqana.
  7229 | D:7      | Found Qexkot's Distillery.
  7245 | D:7      | Bought a potion of heal wounds for 55 gold pieces
  7419 | D:7      | Found a hide-covered altar of Uskayaw.
  7522 | D:7      | Noticed Joseph
  7543 | D:7      | Shot with a sling bullet by Joseph

Skill      XL: |  1  2  3  4  5  6  7  8 |
---------------+-------------------------+-----
Conjurations   | 5 6 7 8 |  8.6
Spellcasting   | 3 4 5 6 7 |  7.6
Dodging        | 3 4 |  4.1
Fighting       | 1 2 |  2.0
Stealth        | 3 4 |  4.5
Unarmed Combat | |  0.1
Summonings     | |  0.3

Action                   |  1- 3 |  4- 6 |  7- 9 || total
-------------------------+-------+-------+-------++-------
Melee: Unarmed           |    24 |     1 |       ||    25
 Cast: Magic Dart        |    91 |   135 |   161 ||   387
       Searing Ray       |    12 |    18 |       ||    30
       Iskenderun's Myst |       |     6 |     2 ||     8
       Call Imp          |       |       |     4 ||     4
Evoke: Wand              |       |     1 |       ||     1
  Use: Scroll            |     6 |    15 |     4 ||    25
       Potion            |     2 |     1 |     1 ||     4
  Eat: Bread ration      |     1 |     2 |     2 ||     5
       Chunk             |       |     3 |       ||     3
       Fruit             |       |       |     1 ||     1
Armor: Robe              |    10 |    15 |    10 ||    35
Dodge: Dodged            |    40 |    48 |    59 ||   147
